 Dungeon Crawl Stone Soup version 0.28-a0-1629-gf728b70 (webtiles) character file.

Game seed: 16264542440445789417

159 Illumine the Conjurer (level 5, 0/28 HPs)
             Began as a Tengu Conjurer on Jan 24, 2022.
             Slain by an orc warrior (10 damage)
             ... on level 4 of the Dungeon.
             The game lasted 00:06:24 (3920 turns).

Illumine the Conjurer (Tengu Conjurer)              Turns: 3920, Time: 00:06:25

Health: 0/28       AC:  2    Str:  7    XL:     5   Next: 40%
Magic:  0/10       EV: 14    Int: 21    God:
Gold:   83         SH:  0    Dex: 12    Spells: 3/10 levels left

rFire   + . .      SeeInvis .   u - +8 short sword of the Mind {flame, rCorr}
rCold   . . .      Faith    .   (no shield)
rNeg    . . .      Spirit   .   a - +0 robe
rPois   .          Reflect  .   (helmet restricted)
rElec   .          Harm     .   (no cloak)
rCorr   +          Rampage  .   (no gloves)
Will    .....                   (boots unavailable)
Stlth   ++........              r - amulet of regeneration
HPRegen 0.89/turn               m - ring of protection from fire
MPRegen 0.12/turn               (no ring)

@: flying quickly and evasively, quick
A: beak, talons 3, nimble flight
a: no special abilities


You were on level 4 of the Dungeon.
You visited 1 branch of the dungeon, and saw 4 of its levels.

You collected 83 gold pieces.

Inventory:

Hand Weapons
 b - a +3 dagger of protection
 u - the +8 short sword of the Mind (weapon) {flame, rCorr}
   (You found it on level 4 of the Dungeon)

   It burns those it strikes, dealing additional fire damage.
   rCorr:     It protects you from acid and corrosion.
Missiles
 j - 3 atropa-tipped darts (quivered)
Armour
 a - a +0 robe (worn)
 v - +0 fire dragon scales
Jewellery
 m - a ring of protection from fire (left hand)
 r - an amulet of regeneration (around neck)
 t - a ring of ice
Wands
 i - a wand of flame (22)
 q - a wand of digging (3)
Scrolls
 c - a scroll of noise {unknown}
 d - a scroll of enchant armour {unknown}
 e - a scroll of identify {unknown}
 g - a scroll of torment {unknown}
 p - 2 scrolls of teleportation {unknown}
 s - a scroll of amnesia {unknown}
Potions
 f - 3 potions of mutation {unknown}
 h - 2 potions of berserk rage {unknown}
 k - a potion of might {unknown}
 l - a potion of lignification {unknown}
 n - a potion of flight {unknown}
 o - a potion of heal wounds {unknown}
 w - a potion of magic {unknown}


   Skills:
 + Level 0.0 Armour
 - Level 2.1 Dodging
 - Level 2.0 Stealth
 - Level 3.1 Spellcasting
 - Level 7.0 Conjurations
 * Level 1.7 Translocations


You had 3 spell levels left.
You knew the following spells:

 Your Spells              Type           Power      Damage    Failure   Level
a - Magic Dart            Conj           100%       1d8       1%          1
b - Searing Ray           Conj           66%        2d6       1%          2
c - Iskenderun's Mystic   Conj/Tloc      21%        2d6       22%         4

Your spell library contained the following spells:

 Spells                   Type           Power      Damage    Failure   Level
 Dazzling Flash           Conj/Hex       36%        N/A       10%         3
 Fulminant Prism          Conj/Hex       9%         3d7       30%         4
 Animate Dead             Necr           1%         N/A       78%         4
 Borgnjor's Vile Clutch   Necr/Erth      1%         N/A       98%         5
 Death Channel            Necr           1%         N/A       100%        6


Dungeon Overview and Level Annotations

Branches:
Dungeon (4/15)
 Temple: D:4-7

Altars:

Shops:
D:1 =[=[*


Innate Abilities, Weirdness & Mutations

You have a beak for a mouth.
You have claws for feet.
Your magical nature lets you fly swiftly and evasively.


Message History

(Press . to maintain the ray.)
The orc warrior seems less confused.
Casting: Searing Ray (safe; 1% risk of failure)
Confirm with . or Enter, or press ? or * to list all spells.
Aiming: Magic Dart (safe; 1% risk of failure)
Press: ? - help, Shift-Dir - straight line, f/p - orc warrior
Aim: an orc warrior, wielding a +0 trident and wearing a +0 chain mail (wandering, blind, hasn't noticed you, 100% to hit)
The magic dart hits the orc warrior.
The orc warrior is lightly wounded.
Casting: Magic Dart (safe; 1% risk of failure)
Confirm with . or Enter, or press ? or * to list all spells.
Aiming: Searing Ray (safe; 1% risk of failure)
Press: ? - help, Shift-Dir - straight line, f/p - orc warrior
Aim: an orc warrior, wielding a +0 trident and wearing a +0 chain mail (wandering, blind, hasn't noticed you, 78% to hit)
The searing ray hits the orc warrior!
The orc warrior is moderately wounded. (Press . to maintain the ray.)
The searing ray hits the orc warrior.
The orc warrior is heavily wounded.
The orc warrior is no longer blind.
The searing ray hits the orc warrior!
The orc warrior is severely wounded.
The orc warrior barely misses you.
The searing ray hits the orc warrior.
The orc warrior is almost dead.
You finish channelling your searing ray.
The orc warrior hits you from afar with a +0 trident!!
Ouch! That really hurt!
Casting: Searing Ray (safe; 1% risk of failure)
Confirm with . or Enter, or press ? or * to list all spells.
Aiming: Searing Ray (safe; 1% risk of failure)
Press: ? - help, Shift-Dir - straight line, f/p - orc warrior
Aim: an orc warrior, wielding a +0 trident and wearing a +0 chain mail (almost dead, 78% to hit)
The searing ray hits the orc warrior.
The orc warrior is almost dead. (Press . to maintain the ray.)
The orc warrior misses you.
Without enough magic to sustain it, your searing ray dissipates.
The orc warrior hits you from afar with a +0 trident!
You die...

#####################
...........((.o.@...#
#######.###########.#
........#...#<...##.#
...............>.##.#######
#.....o...#.###...........#
......#...#.##....#.#####.#
..###.#.........###.# #.#
..#....#...)......#.# #.#
..........###...#.#.# #.#


You could see an orc warrior.

Vanquished Creatures
  An orc priest (D:4)
  An orc wizard (D:4)
  3 adders
  A worm (D:2)
  4 dart slugs
  6 orcs
  4 bats (D:1)
  3 endoplasms
  4 giant cockroaches
  A goblin (D:2)
  2 hobgoblins
  4 quokkas
  12 ball pythons
  2 frilled lizards
  9 kobolds
  5 rats
62 creatures vanquished.

Notes
Turn   | Place    | Note
-------+----------+-------------------------------------------
     0 | D:1      | Illumine the Tengu Conjurer began the quest for the Orb.
     0 | D:1      | Reached XP level 1. HP: 10/10 MP: 4/4
   155 | D:1      | Found Ganniohy's Jewellery Shop.
   243 | D:1      | Reached XP level 2. HP: 9/15 MP: 0/6
   246 | D:1      | Learned a level 2 spell: Searing Ray
   424 | D:1      | Reached skill level 6 in Conjurations
   694 | D:1      | Found Riower's Armour Shop.
   884 | D:1      | Found Raiwnim's Jewellery Boutique.
   889 | D:1      | Found Ociet's Armour Shop.
   889 | D:1      | Found Uleoka's Assorted Antiques.
   894 | D:1      | Reached XP level 3. HP: 19/19 MP: 4/7
  1258 | D:2      | Found a faded altar of an unknown god.
  1588 | D:2      | Reached XP level 4. HP: 24/24 MP: 4/9
  2673 | D:3      | Reached skill level 7 in Conjurations
  3239 | D:3      | Learned a level 4 spell: Iskenderun's Mystic Blast
  3300 | D:4      | Reached skill level 1 in Translocations
  3300 | D:4      | Gained mutation: Your magical nature lets you fly swiftly
                  | and evasively. [Tengu growth]
  3300 | D:4      | Reached XP level 5. HP: 28/28 MP: 4/10
  3475 | D:4      | Noticed an orc warrior
  3638 | D:4      | Identified the +8 short sword of the Mind {flame, rCorr}
  3920 | D:4      | Slain by an orc warrior

Illustrated notes

Levels and vault maps discovered:
D:1:      onia_arrival_mini_maze, layout_basic, serial_shops,
          nicolae_shop_statue_plus, nicolae_shop_waterfront, shop, shop,
          nicolae_shop_advertising_works [nicolae_subvault_shop_adworks]
D:2:      layout_loops_ring, dreamdust_ecumenical_altar_statues,
          serial_bayou_pond_d, minivault_5, minmay_tromino_v4_b
D:3:      layout_loops_ring
D:4:      layout_basic, lemuel_coloured_pillars_altar, kennysheep_little_box,
          minmay_ruptured

Skill      XL: |  1  2  3  4 |
---------------+-------------+-----
Conjurations   | 6 7 |  7.0
Spellcasting   | 3 |  3.1
Translocations | 1 |  1.7
Dodging        | |  2.1
Stealth        | |  2.0

Action                   |  1- 3 |  4- 6 || total
-------------------------+-------+-------++-------
Throw: Dart              |       |     2 ||     2
 Cast: Magic Dart        |    64 |    48 ||   112
       Searing Ray       |     3 |    10 ||    13
Armor: Robe              |     2 |       ||     2
Dodge: Dodged            |     4 |     3 ||     7

Table legend: (Time is in decaauts)
 A = Elapsed time spent in this place.
 B = Non-inter-level travel time spent in this place.
 C = Inter-level travel time spent in this place.
 D = Time resting spent in this place.
 E = Time spent auto-exploring this place.
 F = Levels seen in this place.
 G = Mean time per level.
                   A        B        C        D        E       F      G
               +--------+--------+--------+--------+--------+-----+--------+
         Total |   3878 |   3706 |    172 |    238 |   2918 |   4 |  969.5 |
       Dungeon |   3878 |   3706 |    172 |    238 |   2918 |   4 |  969.5 |
               +--------+--------+--------+--------+--------+-----+--------+

Top non-repeatable levels by time:
     D:1: 1305 daAuts
     D:2: 1086 daAuts
     D:3: 954 daAuts
     D:4: 532 daAuts
